 Dungeon Crawl Stone Soup version 0.25.1-2-g60ff931df9 (webtiles) character file.

Game seed: 7187904439076843896

78 DerDa the Ogre Mage (level 4, -1/46 HPs)
             Began as an Ogre Wizard on Aug 23, 2020.
             Succumbed to a worker ant's poison
             ... on level 3 of the Dungeon.
             The game lasted 00:06:06 (2472 turns).

DerDa the Ogre Mage (Ogre Wizard)                   Turns: 2472, Time: 00:06:07

Health: -1/46      AC:  3    Str: 11    XL:     4   Next: 36%
Magic:  1/10       EV:  9    Int: 20    God:
Gold:   32         SH:  0    Dex:  5    Spells: 3/11 levels left

rFire    + . .     SeeInvis +   p - +0 hand axe (flame)
rCold    + . .     Gourm    .   (no shield)
rNeg     . . .     Faith    .   a - +0 robe
rPois    +         Spirit   .   b - +0 hat
rElec    +         Reflect  .   (no cloak)
rCorr    +         Harm     .   (gloves unavailable)
MR       .....                  (boots unavailable)
Stlth    +.........             c - amulet of the acrobat
HPRegen  0.15/turn              (no ring)
MPRegen  0.12/turn              (no ring)

@: lethally poisoned (-1 -> -20), resistant, very slightly contaminated
A: large, unfitting armour, see invisible, clumsy 1, robust 1, tough skin 1,
sturdy frame 1
a: no special abilities


You were on level 3 of the Dungeon.
You were hungry.

You visited 1 branch of the dungeon, and saw 3 of its levels.

You collected 32 gold pieces.

Inventory:

Hand Weapons
 f - a +0 spear
 p - a +0 hand axe of flaming (weapon)
Missiles
 e - 15 stones (quivered)
Armour
 a - a +0 robe (worn)
 b - a +0 hat (worn)
Jewellery
 c - an amulet of the acrobat (around neck)
 m - a cursed -4 ring of intelligence {unknown}
Scrolls
 i - 4 scrolls of identify {unknown}
 k - 3 scrolls of enchant armour {unknown}
 l - a scroll of remove curse {unknown}
 n - a scroll of amnesia {unknown}
 o - a scroll of teleportation {unknown}
Potions
 h - a potion of resistance
Comestibles
 d - 4 rations


   Skills:
 + Level 1.9 Fighting
 - Level 1.7 Dodging
 - Level 1.4 Stealth
 * Level 4.4 Spellcasting
 * Level 2.1 Conjurations
 - Level 0.8 Summonings
 - Level 0.8 Translocations
 + Level 0.5 Air Magic
 + Level 0.4 Poison Magic


You had 3 spell levels left.
You knew the following spells:

 Your Spells              Type           Power        Failure   Level  Hunger
a - Magic Dart            Conj           ##..         4%          1    None
b - Mephitic Cloud        Conj/Pois/Air  #.......     24%         3    ###....
c - Call Imp              Summ           #.......     13%         2    #......
q - Blink                 Tloc           N/A          13%         2    #......

Your spell library contained the following spells:

 Spells                   Type           Power        Failure   Level  Hunger
 Slow                     Hex            #.......     19%         2    #......
 Conjure Flame            Conj/Fire      #.......     24%         3    ###....


Dungeon Overview and Level Annotations

Branches:
Dungeon (3/15)

Altars:
Sif Muna


Innate Abilities, Weirdness & Mutations

You are too large for most types of armour.
You have tough skin. (AC +1)
You have supernaturally acute eyesight. (SInv)
You are clumsy. (Dex -2)
You are robust. (+10% HP)
Your movements are slightly less encumbered by armour. (ER -2)


Message History

The worker ant poisons you! The worker ant bites you.
You are more poisoned.
The worker ant poisons you!
It was a potion of resistance.
You feel protected.
You feel sick. The worker ant bites you.
It was a potion of mutation.
You feel extremely strange.
You feel less encumbered by your armour.
Your vision sharpens.
You feel clumsy.
You feel robust.
You feel sick. The worker ant barely misses you.
You barely miss the worker ant.
The worker ant is moderately wounded.
You feel sick. The worker ant bites you!
* * * LOW HITPOINT WARNING * * *
You are more poisoned.
The worker ant poisons you! The worker ant bites you.
* * * LOW HITPOINT WARNING * * *
You hit the worker ant but do no damage.
The worker ant is moderately wounded.
You die...

## ..# ...
#.# #.#
#.#
#.#.###.##
#..ooa@..#
###o###..#
#..####.#
#....%...
#..###..#
#<.# #
.........#
.........#
###.......


You could see a worker ant and 3 orcs.

Vanquished Creatures
  An adder (D:2)
  2 worms (D:2)
  2 dart slugs
  3 orcs (D:3)
  4 giant cockroaches
  6 goblins
  5 hobgoblins
  4 jackals (D:1)
  7 kobolds
  A ball python (D:1)
  5 bats
  5 frilled lizards
  10 rats
55 creatures vanquished.

Notes
Turn   | Place    | Note
-------+----------+-------------------------------------------
     0 | D:1      | DerDa the Ogre Wizard began the quest for the Orb.
     0 | D:1      | Reached XP level 1. HP: 16/16 MP: 5/5
    19 | D:1      | Reached skill level 1 in Conjurations
   260 | D:1      | Reached XP level 2. HP: 26/26 MP: 0/6
   290 | D:1      | Reached skill level 1 in Fighting
   296 | D:1      | Reached skill level 4 in Spellcasting
   583 | D:1      | Reached XP level 3. HP: 32/33 MP: 1/8
  1067 | D:1      | Learned a level 3 spell: Mephitic Cloud
  1070 | D:1      | Learned a level 2 spell: Call Imp
  1073 | D:1      | Learned a level 2 spell: Blink
  1844 | D:2      | Reached XP level 4. HP: 42/42 MP: 0/10
  2283 | D:2      | Found a shimmering blue altar of Sif Muna.
  2470 | D:3      | Gained mutation: Your movements are slightly less
                  | encumbered by armour. (ER -2) [potion of mutation]
  2470 | D:3      | Gained mutation: You have supernaturally acute eyesight.
                  | (SInv) [potion of mutation]
  2470 | D:3      | Gained mutation: You are clumsy. (Dex -2) [potion of
                  | mutation]
  2470 | D:3      | Gained mutation: You are robust. (+10% HP) [potion of
                  | mutation]
  2471 | D:3      | HP: 1/46 [worker ant (5)]
  2472 | D:3      | Succumbed to a worker ant's poison

Illustrated notes

Levels and vault maps discovered:
D:1:      moated_graveyard_arrival, layout_basic, minivault_24
D:2:      layout_loops_corners, nicolae_overflow_hidden_temple
D:3:      layout_loops_ring, gammafunk_ghost_mausoleum, item_on_display_a,
          uniq_natasha

Skill      XL: |  1  2  3 |
---------------+----------+-----
Conjurations   | 1 2 |  2.1
Fighting       | 1 |  1.9
Spellcasting   | 4 |  4.4
Dodging        | |  1.7
Stealth        | |  1.4
Summonings     | |  0.8
Translocations | |  0.8
Air Magic      | |  0.5
Poison Magic   | |  0.4

Action                   |  1- 3 |  4- 6 || total
-------------------------+-------+-------++-------
Melee: Spear             |    39 |       ||    39
       Hand axe          |       |     6 ||     6
 Cast: Magic Dart        |    90 |    25 ||   115
  Use: Potion            |       |     2 ||     2
  Eat: Chunk             |     3 |     1 ||     4
Armor: Robe              |    11 |       ||    11
Dodge: Dodged            |    20 |     5 ||    25
